Panthers vs Senateurs

Created - 5 février 2016 at 20:38

Goals
1 2 3 T
Panthers 0 0 1 1
Senateurs 1 2 1 4
Shots
1 2 3 T
Panthers 2 7 11 20
Senateurs 17 10 4 31

1st period

1. Senateurs , Vitaly Vishnevsky 4 (Daymond Langkow) at 3:08 (PP)

Penalties :
Ryan Parent (Flo) for Hooking (Minor) at 2:55, Rickard Wallin (Flo) for Slashing (Minor) at 12:09

2nd period

2. Senateurs , Daymond Langkow 14 (Dan Hamhuis) at 8:18
3. Senateurs , Jean-Pierre Dumont 14 (Carlo Colaiacovo, Daymond Langkow) at 10:16

Penalties :
Branko Radivojevic (Flo) for Roughing (Minor) at 1:51

3rd period

4. Panthers , Rickard Wallin 4 (Branko Radivojevic) at 1:02
5. Senateurs , Jean-Pierre Dumont 15 (Daymond Langkow, Dan Hamhuis) at 16:50

Penalties :
Peter Prucha (Flo) for Interference (Minor) at 1:53, Tom Preissing (Flo) for Delaying the game (Minor) at 8:05, Vitaly Vishnevsky (Ott) for Holding (Minor) at 17:53

Goalie Stats

Antti Niemi (Flo), 27 saves from 31 shots - (0,871), L, 19-12-4, 60:00 minutes
Ondrej Pavelec (Ott), 19 saves from 20 shots - (0,950), W, 23-10-4, 60:00 minutes

Players Stats for Panthers

Player Name              G  A  P  +/- PIM S  H  SB GA TA FO     MP     PP MP  PK MP  
------------------------------------------------------------------------------------
Alexander Perezhogin     0  0  0   0  0   1  4  0  0  0  1/1    14:38   0:47   0:44 
Alexei Ponikarovsky      0  0  0   1  0   2  2  0  0  0  1/1    13:22   0:33   3:35 
Branko Radivojevic       0  1  1   1  2   0  0  1  1  0  0/0     9:05   0:00   0:00 
Bryan McCabe             0  0  0   0  0   1  3  0  0  0  0/0    25:11   0:47   3:36 
Jeff Tambellini          0  0  0   0  0   3  1  0  0  0  0/1    15:38   0:00   2:12 
Keith Aulie              0  0  0  -1  0   0  1  0  0  0  0/0    13:17   1:12   0:08 
Mats Sundin              0  0  0  -2  0   0  0  1  0  0  4/8    20:10   0:15   2:36 
Mattias Weinhandl        0  0  0  -2  0   0  0  0  0  0  0/0    10:20   0:00   0:00 
Nick Schultz             0  0  0  -1  0   0  0  1  0  1  0/0    13:47   0:00   1:50 
Peter Prucha             0  0  0  -1  2   5  2  1  0  1  0/0    20:06   1:12   2:18 
Rickard Wallin           1  0  1   1  2   3  0  0  0  1  4/5    13:05   0:44   1:06 
Ryan Bayda               0  0  0  -2  0   0  1  0  1  0  0/0    11:04   0:14   0:04 
Ryan Parent              0  0  0   0  2   0  2  1  1  0  0/0    26:32   0:47   4:47 
Ryan Suter               0  0  0  -1  0   0  0  2  2  0  0/0    21:09   1:12   3:01 
Scott Gomez              0  0  0  -1  0   4  0  2  1  1  13/31  22:46   1:00   1:12 
Sidney Crosby            0  0  0   0  0   0  0  1  0  0  1/4     1:04   0:00   0:01 
Taylor Hall              0  0  0  -1  0   0  1  0  0  1  3/6    20:19   1:12   2:30 
Tom Preissing            0  0  0  -1  2   1  2  2  1  0  0/0    20:13   0:00   2:56 

Players Stats for Senateurs

Player Name              G  A  P  +/- PIM S  H  SB GA TA FO     MP     PP MP  PK MP  
------------------------------------------------------------------------------------
Ales Kotalik             0  0  0  -1  0   1  1  0  0  0  0/0    10:29   1:02   0:00 
Andrew Ebbett            0  0  0   0  0   1  1  1  1  0  10/18  16:43   3:41   1:00 
Andy Hilbert             0  0  0   0  0   5  3  0  0  0  0/1    12:24   0:38   1:14 
Andy McDonald            0  0  0   0  0   1  0  0  0  0  0/0    14:05   0:44   0:28 
B.J. Crombeen            0  0  0   0  0   2  0  1  0  0  0/0    15:43   3:41   0:00 
Brandon Dubinsky         0  0  0   0  0   3  0  1  0  1  3/5    11:10   0:25   0:00 
Brenden Morrow           0  0  0   3  0   0  2  0  0  0  2/3    21:15   3:27   0:10 
Carlo Colaiacovo         0  1  1   2  0   0  0  1  0  0  0/0    20:39   3:41   0:40 
Dan Girardi              0  0  0   0  0   1  0  0  0  0  0/0    14:17   0:00   1:20 
Dan Hamhuis              0  2  2   2  0   1  1  1  0  1  0/0    20:44   3:41   0:52 
Darcy Hordichuk          0  0  0  -1  0   2  1  0  0  1  0/0    14:07   3:59   1:06 
Daymond Langkow          1  3  4   3  0   3  0  0  2  1  11/24  20:58   3:27   0:00 
Jean-Pierre Dumont       2  0  2   3  0   3  3  0  2  0  0/0    20:54   3:23   0:00 
Kurtis Foster            0  0  0   0  0   2  1  3  0  1  0/0    26:18   4:28   1:06 
Nikita Alexeev           0  0  0   0  0   3  1  0  0  0  0/0    10:45   0:00   0:00 
Olli Jokinen             0  0  0  -1  0   0  0  0  0  0  4/6     9:21   0:00   0:00 
Vitaly Vishnevsky        1  0  1   0  2   2  2  0  0  2  0/0    25:18   4:28   0:00 
Vladimir Mihalik         0  0  0   0  0   1  0  0  0  0  0/0    12:50   0:00   0:00 

3 Stars

1 - Daymond Langkow (Ott)
2 - Jean-Pierre Dumont (Ott)
3 - Dan Hamhuis (Ott)

Power Play

Panthers - 0 on 1 Attempt(s) - 0,00%
Senateurs - 1 on 5 Attempt(s) - 20,00%

Penalty Kill

Panthers - 4 on 5 Attempt(s) - 80,00% - Score 0 goal in Penalty Kill
Senateurs - 1 on 1 Attempt(s) - 100,00% - Score 0 goal in Penalty Kill

Team Stat

Panthers - Hits : 19 - Faceoff Wins : 27 - Blocked Shots : 12 - Penalty Minutes : 10
Senateurs - Hits : 16 - Faceoff Wins : 30 - Blocked Shots : 8 - Penalty Minutes : 2

Official

Referees : Pochmara Brian and Pollock Kevin
Linesman : Scott Cherrey and Tony Sericolo

Game Notes

Sidney Crosby is injured at 2:56 of 1st period (Bruised Left Leg)

Finance

Level 1 -- Attendance: 5488 (91,47%) -- Ticket Income 439 040 $
Level 2 -- Attendance: 5000 (100,00%) -- Ticket Income 260 000 $
Level 3 -- Attendance: 1434 (71,70%) -- Ticket Income 47 322 $
Level 4 -- Attendance: 4000 (100,00%) -- Ticket Income 76 000 $
Luxury Box -- Attendance: 955 (95,50%) -- Ticket Income 149 935 $
Game was played at the Place Banque Scotia.
Total Attendance: 16877 (93,76%)
Total Ticket Income: 972 297 $
Other Income: 145 845 $
Total Income: 1 118 142 $

Panthers

5 vs 5 Forward 
   Center                   Left Wing                Right Wing               Time % Phy DF OF 
 1 Sidney Crosby            Taylor Hall              Peter Prucha             40     0   2  3  
 2 Scott Gomez              Jeff Tambellini          Alexander Perezhogin     30     0   2  3  
 3 Mats Sundin              Ryan Bayda               Mattias Weinhandl        20     1   2  2  
 4 Rickard Wallin           Alexei Ponikarovsky      Branko Radivojevic       10     1   2  2  

5 vs 5 Defense 
   Defense                  Defense                                           Time % Phy DF OF 
 1 Bryan McCabe             Ryan Parent                                       40     0   2  3  
 2 Ryan Suter               Tom Preissing                                     30     0   2  3  
 3 Nick Schultz             Keith Aulie                                       20     1   2  2  
 4 Bryan McCabe             Ryan Parent                                       10     1   2  2  

PowerPlay Forward 
   Center                   Left Wing                Right Wing               Time % Phy DF OF 
 1 Sidney Crosby            Taylor Hall              Peter Prucha             60     0   1  4  
 2 Scott Gomez              Ryan Bayda               Alexander Perezhogin     40     0   1  4  

PowerPlay Defense
   Defense                  Defense                                           Time % Phy DF OF 
 1 Bryan McCabe             Ryan Parent                                       60     0   2  3  
 2 Ryan Suter               Keith Aulie                                       40     0   2  3  

Penalty Kill 4 Players Forward 
   Center                   Wing                     Time % Phy DF OF 
 1 Sidney Crosby            Peter Prucha             60     1   4  0  
 2 Scott Gomez              Alexei Ponikarovsky      40     1   4  0  

Penalty Kill 4 Players Defense
   Defense                  Defense                  Time % Phy DF OF 
 1 Ryan Parent              Tom Preissing            60     1   4  0  
 2 Bryan McCabe             Ryan Suter               40     1   4  0  

Penalty Kill - 3 Players Forward 
   Forward                                           Time % Phy DF OF 
 1 Sidney Crosby                                     60     1   4  0  
 2 Scott Gomez                                       40     1   4  0  

Penalty Kill - 3 Players Defense
   Defense                  Defense                  Time % Phy DF OF 
 1 Ryan Parent              Tom Preissing            60     1   4  0  
 2 Bryan McCabe             Ryan Suter               40     1   4  0  

4 vs 4 Forward 
   Center                   Wing                     Time % Phy DF OF 
 1 Sidney Crosby            Taylor Hall              60     0   2  3  
 2 Scott Gomez              Peter Prucha             40     0   2  3  

4 vs 4 Defense
   Defense                  Defense                  Time % Phy DF OF 
 1 Bryan McCabe             Ryan Parent              60     1   2  2  
 2 Ryan Suter               Tom Preissing            40     1   2  2  

Last Minutes Offensive
   Center                   Left Wing                Right Wing               Defense                  Defense                  
   Sidney Crosby            Taylor Hall              Peter Prucha             Bryan McCabe             Ryan Parent              

Last Minutes Defensive
   Center                   Left Wing                Right Wing               Defense                  Defense                  
   Sidney Crosby            Taylor Hall              Peter Prucha             Tom Preissing            Ryan Parent              

Goaltenders
Starting : Antti Niemi              
Backup : Jeff Deslauriers         

Extra Forwards
Normal : Scott Gomez, Taylor Hall, Sidney Crosby - PP : Scott Gomez, Sidney Crosby - PK : Taylor Hall
Extra Defensemen
Normal : Keith Aulie, Ryan Parent, Ryan Suter - PP : Tom Preissing - PK : Nick Schultz, Ryan Parent
Penalty Shots
Sidney Crosby, Peter Prucha, Scott Gomez, Branko Radivojevic, Jeff Tambellini

Senateurs

5 vs 5 Forward 
   Center                   Left Wing                Right Wing               Time % Phy DF OF 
 1 Daymond Langkow          Brenden Morrow           Jean-Pierre Dumont       39     1   2  2  
 2 Andrew Ebbett            Andy McDonald            B.J. Crombeen            29     1   2  2  
 3 Olli Jokinen             Darcy Hordichuk          Ales Kotalik             20     1   2  2  
 4 Brandon Dubinsky         Andy Hilbert             Nikita Alexeev           12     1   2  2  

5 vs 5 Defense 
   Defense                  Defense                                           Time % Phy DF OF 
 1 Vitaly Vishnevsky        Kurtis Foster                                     40     1   2  2  
 2 Dan Hamhuis              Carlo Colaiacovo                                  30     1   2  2  
 3 Vladimir Mihalik         Dan Girardi                                       20     1   2  2  
 4 Vitaly Vishnevsky        Kurtis Foster                                     10     1   2  2  

PowerPlay Forward 
   Center                   Left Wing                Right Wing               Time % Phy DF OF 
 1 Daymond Langkow          Brenden Morrow           Jean-Pierre Dumont       60     0   2  3  
 2 Andrew Ebbett            Darcy Hordichuk          B.J. Crombeen            40     0   2  3  

PowerPlay Defense
   Defense                  Defense                                           Time % Phy DF OF 
 1 Vitaly Vishnevsky        Kurtis Foster                                     60     0   2  3  
 2 Dan Hamhuis              Carlo Colaiacovo                                  40     0   2  3  

Penalty Kill 4 Players Forward 
   Center                   Wing                     Time % Phy DF OF 
 1 Brenden Morrow           Darcy Hordichuk          60     0   3  2  
 2 Daymond Langkow          Jean-Pierre Dumont       40     0   3  2  

Penalty Kill 4 Players Defense
   Defense                  Defense                  Time % Phy DF OF 
 1 Vitaly Vishnevsky        Kurtis Foster            60     0   3  2  
 2 Dan Hamhuis              Carlo Colaiacovo         40     0   3  2  

Penalty Kill - 3 Players Forward 
   Forward                                           Time % Phy DF OF 
 1 Brenden Morrow                                    60     0   3  2  
 2 Darcy Hordichuk                                   40     0   3  2  

Penalty Kill - 3 Players Defense
   Defense                  Defense                  Time % Phy DF OF 
 1 Vitaly Vishnevsky        Kurtis Foster            60     0   3  2  
 2 Dan Hamhuis              Carlo Colaiacovo         40     0   3  2  

4 vs 4 Forward 
   Center                   Wing                     Time % Phy DF OF 
 1 Brenden Morrow           Darcy Hordichuk          60     1   2  2  
 2 Daymond Langkow          Jean-Pierre Dumont       40     1   2  2  

4 vs 4 Defense
   Defense                  Defense                  Time % Phy DF OF 
 1 Vitaly Vishnevsky        Kurtis Foster            60     1   2  2  
 2 Dan Hamhuis              Carlo Colaiacovo         40     1   2  2  

Last Minutes Offensive
   Center                   Left Wing                Right Wing               Defense                  Defense                  
   Daymond Langkow          Brenden Morrow           Jean-Pierre Dumont       Vitaly Vishnevsky        Kurtis Foster            

Last Minutes Defensive
   Center                   Left Wing                Right Wing               Defense                  Defense                  
   Daymond Langkow          Brenden Morrow           Jean-Pierre Dumont       Vitaly Vishnevsky        Kurtis Foster            

Goaltenders
Starting : Ondrej Pavelec           
Backup : Marty Turco              

Extra Forwards
Normal : Andy McDonald, B.J. Crombeen, Andy Hilbert - PP : Andy McDonald, B.J. Crombeen - PK : Andy Hilbert
Extra Defensemen
Normal : Vladimir Mihalik, Dan Girardi, Dan Hamhuis - PP : Vladimir Mihalik - PK : Dan Girardi, Dan Hamhuis
Penalty Shots
Brenden Morrow, Darcy Hordichuk, Daymond Langkow, Jean-Pierre Dumont, Andy McDonald

% Time on Ice - Panthers

Lines # - Real PCT - Wanted PCT - Time Play
Normal Forward
1 - 35% - 40% - 17:29
2 - 26% - 30% - 13:07
3 - 21% - 20% - 10:20
4 - 18% - 10% - 8:56
Normal Defense
1 - 40% - 40% - 19:46
2 - 32% - 30% - 16:11
3 - 24% - 20% - 11:53
4 - 4% - 10% - 2:02
PP Forward
1 - 78% - 60% - 1:33
2 - 22% - 40% - 0:26
PP Defense
1 - 39% - 60% - 0:47
2 - 61% - 40% - 1:12
PK Forward
1 - 97% - 60% - 7:52
2 - 3% - 40% - 0:17
PK Defense
1 - 63% - 60% - 5:08
2 - 37% - 40% - 3:01
PK3 Forward
1 - 0% - 60%
2 - 0% - 40%
PK3 Defense
1 - 0% - 60%
2 - 0% - 40%
44 Forward
1 - 0% - 60%
2 - 0% - 40%
44 Defense
1 - 0% - 60%
2 - 0% - 40%
Last Minute Offensive  - 0:00
Last Minute Defensive  - 0:00
Total
Forward - 60:00
Defense - 60:00

% Time on Ice - Senateurs

Lines # - Real PCT - Wanted PCT - Time Play
Normal Forward
1 - 36% - 39% - 17:44
2 - 24% - 29% - 12:02
3 - 19% - 20% - 9:21
4 - 22% - 12% - 10:45
Normal Defense
1 - 37% - 40% - 18:27
2 - 32% - 30% - 16:11
3 - 26% - 20% - 12:50
4 - 5% - 10% - 2:24
PP Forward
1 - 47% - 60% - 3:51
2 - 53% - 40% - 4:18
PP Defense
1 - 55% - 60% - 4:28
2 - 45% - 40% - 3:41
PK Forward
1 - 100% - 60% - 1:59
2 - 0% - 40% - 0:00
PK Defense
1 - 100% - 60% - 1:59
2 - 0% - 40% - 0:00
PK3 Forward
1 - 0% - 60%
2 - 0% - 40%
PK3 Defense
1 - 0% - 60%
2 - 0% - 40%
44 Forward
1 - 0% - 60%
2 - 0% - 40%
44 Defense
1 - 0% - 60%
2 - 0% - 40%
Last Minute Offensive  - 0:00
Last Minute Defensive  - 0:00
Total
Forward - 60:00
Defense - 60:00

Play by Play

1st period


0:01 of 1st period - Daymond Langkow wins face-off versus Sidney Crosby in neutral zone.
0:06 of 1st period - Backhand shot by Brenden Morrow.
0:06 of 1st period - Shot Misses the Net.
0:26 of 1st period - Andrew Ebbett is hit by Alexander Perezhogin and loses puck.
1:15 of 1st period - Wrist shot by Vitaly Vishnevsky.
1:15 of 1st period - Shot Misses the Net.
1:17 of 1st period - Wrist shot by Kurtis Foster.
1:17 of 1st period - Stopped by Antti Niemi with a rebound.
1:19 of 1st period - Snap shot by Andy Hilbert.
1:19 of 1st period - Shot Blocked by Nick Schultz.
1:21 of 1st period - Slapshot by Vitaly Vishnevsky.
1:21 of 1st period - Shot Misses the Net.
1:23 of 1st period - Slapshot by Kurtis Foster.
1:23 of 1st period - Deflect By Nikita Alexeev.
1:23 of 1st period - Stopped by Antti Niemi without a rebound.
1:24 of 1st period - Daymond Langkow wins face-off versus Sidney Crosby in Panthers zone.
1:41 of 1st period - Brenden Morrow is hit by Taylor Hall and loses puck.
2:00 of 1st period - Snap shot by Andy Hilbert.
2:00 of 1st period - Stopped by Antti Niemi without a rebound.
2:01 of 1st period - Brandon Dubinsky wins face-off versus Scott Gomez in Panthers zone.
2:06 of 1st period - Snap shot by Nikita Alexeev.
2:06 of 1st period - Stopped by Antti Niemi with a rebound.
2:08 of 1st period - Snap shot by Dan Girardi.
2:08 of 1st period - Shot Blocked by Scott Gomez.
2:46 of 1st period - Wrist shot by Andy Hilbert.
2:46 of 1st period - Stopped by Antti Niemi with a rebound.
2:48 of 1st period - Snap shot by Andy Hilbert.
2:48 of 1st period - Shot Misses the Net.
2:50 of 1st period - Slapshot by Dan Girardi.
2:50 of 1st period - Shot Blocked by Scott Gomez.
2:52 of 1st period - Slapshot by Vladimir Mihalik.
2:52 of 1st period - Deflect By Brandon Dubinsky.
2:52 of 1st period - Stopped by Antti Niemi without a rebound.
2:53 of 1st period - Sidney Crosby wins face-off versus Daymond Langkow in Panthers zone.
2:55 of 1st period - Minor Penalty to Ryan Parent for Hooking.
2:56 of 1st period - Daymond Langkow wins face-off versus Sidney Crosby in Panthers zone.
2:56 of 1st period - Wrist shot by Jean-Pierre Dumont.
2:56 of 1st period - Deflect By Nick Schultz.
2:56 of 1st period - Shot Blocked by Sidney Crosby.
2:56 of 1st period - Sidney Crosby from Panthers is injured at 2:56 of 1st period (Bruised Left Leg).
2:57 of 1st period - Taylor Hall wins face-off versus Daymond Langkow in Panthers zone.
3:08 of 1st period - Backhand shot by Vitaly Vishnevsky.
3:08 of 1st period - Deflect By Peter Prucha.
3:08 of 1st period - Goal by Vitaly Vishnevsky - Panthers : 0 - Senateurs : 1.
3:09 of 1st period - Daymond Langkow wins face-off versus Scott Gomez in neutral zone.
4:54 of 1st period - Brenden Morrow is hit by Keith Aulie and loses puck.
5:31 of 1st period - Wrist shot by Brandon Dubinsky.
5:31 of 1st period - Stopped by Antti Niemi without a rebound.
5:32 of 1st period - Brandon Dubinsky wins face-off versus Scott Gomez in Panthers zone.
5:47 of 1st period - Snap shot by Andy Hilbert.
5:47 of 1st period - Shot Blocked by Ryan Suter.
6:03 of 1st period - Vladimir Mihalik is hit by Peter Prucha and loses puck.
6:28 of 1st period - Snap shot by Nikita Alexeev.
6:28 of 1st period - Stopped by Antti Niemi with a rebound.
6:30 of 1st period - Slapshot by Dan Girardi.
6:30 of 1st period - Stopped by Antti Niemi without a rebound.
6:31 of 1st period - Mats Sundin wins face-off versus Daymond Langkow in Panthers zone.
6:31 of 1st period - Mats Sundin is hit by Jean-Pierre Dumont.
7:43 of 1st period - Icing by Olli Jokinen.
7:44 of 1st period - Mats Sundin wins face-off versus Olli Jokinen in Senateurs zone.
7:49 of 1st period - Wrist shot by Peter Prucha.
7:49 of 1st period - Deflect By Alexei Ponikarovsky.
7:49 of 1st period - Deflect By Dan Hamhuis.
7:49 of 1st period - Shot Blocked by Carlo Colaiacovo.
7:49 of 1st period - Puck is out of play.
7:50 of 1st period - Daymond Langkow wins face-off versus Rickard Wallin in Senateurs zone.
8:31 of 1st period - Icing by Scott Gomez.
8:32 of 1st period - Olli Jokinen wins face-off versus Scott Gomez in Panthers zone.
9:01 of 1st period - Slapshot by Jeff Tambellini.
9:01 of 1st period - Stopped by Ondrej Pavelec without a rebound.
9:02 of 1st period - Daymond Langkow wins face-off versus Mats Sundin in Senateurs zone.
9:09 of 1st period - Wrist shot by Jean-Pierre Dumont.
9:09 of 1st period - Shot Misses the Net.
9:11 of 1st period - Wrist shot by Daymond Langkow.
9:11 of 1st period - Stopped by Antti Niemi without a rebound.
9:12 of 1st period - Brenden Morrow wins face-off versus Mats Sundin in Panthers zone.
9:35 of 1st period - Snap shot by Daymond Langkow.
9:35 of 1st period - Stopped by Antti Niemi with a rebound.
10:09 of 1st period - Wrist shot by Taylor Hall.
10:09 of 1st period - Shot Blocked by Kurtis Foster.
11:28 of 1st period - Wrist shot by Jean-Pierre Dumont.
11:28 of 1st period - Stopped by Antti Niemi with a rebound.
11:30 of 1st period - Slapshot by Vitaly Vishnevsky.
11:30 of 1st period - Stopped by Antti Niemi without a rebound.
11:31 of 1st period - Alexander Perezhogin wins face-off versus Andrew Ebbett in Panthers zone.
12:09 of 1st period - Minor Penalty to Rickard Wallin for Slashing.
12:10 of 1st period - Alexei Ponikarovsky wins face-off versus Andrew Ebbett in Panthers zone.
12:10 of 1st period - Alexei Ponikarovsky is hit by Dan Hamhuis.
12:21 of 1st period - Wrist shot by Alexei Ponikarovsky.
12:21 of 1st period - Shot Misses the Net.
12:23 of 1st period - Snap shot by Scott Gomez.
12:23 of 1st period - Stopped by Ondrej Pavelec without a rebound.
12:24 of 1st period - Andrew Ebbett wins face-off versus Scott Gomez in Senateurs zone.
13:17 of 1st period - Alexander Perezhogin is hit by Andy Hilbert and loses puck.
14:09 of 1st period - Penalty to Rickard Wallin is over, Rickard Wallin is back on ice.
14:23 of 1st period - Rickard Wallin is hit by Vitaly Vishnevsky and loses puck.
14:37 of 1st period - Off-side.
14:38 of 1st period - Mats Sundin wins face-off versus Brandon Dubinsky in neutral zone.
15:43 of 1st period - Andrew Ebbett is hit by Bryan McCabe and loses puck.
16:49 of 1st period - Alexander Perezhogin is hit by Nikita Alexeev and loses puck.
17:19 of 1st period - Backhand shot by Ales Kotalik.
17:19 of 1st period - Stopped by Antti Niemi with a rebound.
17:23 of 1st period - Snap shot by Darcy Hordichuk.
17:23 of 1st period - Stopped by Antti Niemi without a rebound.
17:24 of 1st period - Olli Jokinen wins face-off versus Scott Gomez in Panthers zone.
17:35 of 1st period - Slapshot by Scott Gomez.
17:35 of 1st period - Deflect By Jeff Tambellini.
17:35 of 1st period - Shot Misses the Net.
17:35 of 1st period - Puck is out of play.
17:36 of 1st period - Andrew Ebbett wins face-off versus Scott Gomez in Senateurs zone.
18:11 of 1st period - Nick Schultz is hit by Jean-Pierre Dumont and loses puck.
18:58 of 1st period - Wrist shot by Andy Hilbert.
18:58 of 1st period - Stopped by Antti Niemi without a rebound.
18:59 of 1st period - Mats Sundin wins face-off versus Andrew Ebbett in Panthers zone.
18:59 of 1st period - Mats Sundin is hit by Vitaly Vishnevsky.
19:54 of 1st period - Snap shot by Olli Jokinen.
19:54 of 1st period - Shot Misses the Net.
Goals for this period are 0 for Panthers vs 1 for Senateurs.
Shots for this period are 2 for Panthers vs 17 for Senateurs.

2nd period


0:01 of 2nd period - Andrew Ebbett wins face-off versus Scott Gomez in neutral zone.
0:36 of 2nd period - Snap shot by Ryan Bayda.
0:36 of 2nd period - Shot Blocked by Kurtis Foster.
0:50 of 2nd period - Snap shot by Darcy Hordichuk.
0:50 of 2nd period - Stopped by Antti Niemi without a rebound.
0:51 of 2nd period - Olli Jokinen wins face-off versus Scott Gomez in Panthers zone.
1:51 of 2nd period - Minor Penalty to Branko Radivojevic for Roughing.
1:52 of 2nd period - Daymond Langkow wins face-off versus Taylor Hall in Panthers zone.
2:17 of 2nd period - Kurtis Foster is hit by Tom Preissing and loses puck.
3:51 of 2nd period - Penalty to Branko Radivojevic is over, Branko Radivojevic is back on ice.
4:28 of 2nd period - Icing by Andy McDonald.
4:29 of 2nd period - Olli Jokinen wins face-off versus Mats Sundin in Senateurs zone.
4:54 of 2nd period - Dan Girardi is hit by Bryan McCabe and loses puck.
5:07 of 2nd period - Rickard Wallin is hit by Andy Hilbert and loses puck.
5:30 of 2nd period - Wrist shot by Andy Hilbert.
5:30 of 2nd period - Shot Misses the Net.
5:50 of 2nd period - Vladimir Mihalik is hit by Tom Preissing and loses puck.
6:47 of 2nd period - Snap shot by Brandon Dubinsky.
6:47 of 2nd period - Shot Blocked by Peter Prucha.
6:49 of 2nd period - Snap shot by Vladimir Mihalik.
6:49 of 2nd period - Stopped by Antti Niemi with a rebound.
6:51 of 2nd period - Snap shot by Andy Hilbert.
6:51 of 2nd period - Stopped by Antti Niemi without a rebound.
6:52 of 2nd period - Andrew Ebbett wins face-off versus Jeff Tambellini in Panthers zone.
7:03 of 2nd period - Snap shot by Andy McDonald.
7:03 of 2nd period - Stopped by Antti Niemi without a rebound.
7:04 of 2nd period - Scott Gomez wins face-off versus Daymond Langkow in Panthers zone.
7:17 of 2nd period - Jeff Tambellini is hit by Jean-Pierre Dumont and loses puck.
7:30 of 2nd period - Taylor Hall is hit by Kurtis Foster and loses puck.
8:18 of 2nd period - Backhand shot by Daymond Langkow.
8:18 of 2nd period - Deflect By Scott Gomez.
8:18 of 2nd period - Goal by Daymond Langkow - Panthers : 0 - Senateurs : 2.
8:19 of 2nd period - Scott Gomez wins face-off versus Daymond Langkow in neutral zone.
8:44 of 2nd period - Vitaly Vishnevsky is hit by Ryan Parent and loses puck.
9:07 of 2nd period - Darcy Hordichuk is hit by Bryan McCabe.
9:11 of 2nd period - Snap shot by Darcy Hordichuk.
9:11 of 2nd period - Shot Misses the Net.
9:30 of 2nd period - Snap shot by Rickard Wallin.
9:30 of 2nd period - Stopped by Ondrej Pavelec with a rebound.
9:34 of 2nd period - Snap shot by Branko Radivojevic.
9:34 of 2nd period - Shot Blocked by Dan Hamhuis.
9:36 of 2nd period - Wrist shot by Alexei Ponikarovsky.
9:36 of 2nd period - Shot Misses the Net.
9:38 of 2nd period - Slapshot by Rickard Wallin.
9:38 of 2nd period - Stopped by Ondrej Pavelec with a rebound.
9:40 of 2nd period - Wrist shot by Alexei Ponikarovsky.
9:40 of 2nd period - Stopped by Ondrej Pavelec with a rebound.
10:00 of 2nd period - Wrist shot by Scott Gomez.
10:00 of 2nd period - Shot Misses the Net.
10:16 of 2nd period - Slapshot by Carlo Colaiacovo.
10:16 of 2nd period - Deflect By Jean-Pierre Dumont.
10:16 of 2nd period - Goal by Jean-Pierre Dumont - Panthers : 0 - Senateurs : 3.
10:17 of 2nd period - Andrew Ebbett wins face-off versus Scott Gomez in neutral zone.
10:30 of 2nd period - Wrist shot by B.J. Crombeen.
10:30 of 2nd period - Stopped by Antti Niemi with a rebound.
10:42 of 2nd period - Ryan Suter is hit by Darcy Hordichuk and loses puck.
10:49 of 2nd period - Slapshot by Peter Prucha.
10:49 of 2nd period - Stopped by Ondrej Pavelec with a rebound.
11:39 of 2nd period - Snap shot by Jeff Tambellini.
11:39 of 2nd period - Shot Misses the Net.
11:55 of 2nd period - Slapshot by Jeff Tambellini.
11:55 of 2nd period - Shot Misses the Net.
12:15 of 2nd period - Icing by Brandon Dubinsky.
12:16 of 2nd period - Brandon Dubinsky wins face-off versus Taylor Hall in Senateurs zone.
12:27 of 2nd period - Wrist shot by Brandon Dubinsky.
12:27 of 2nd period - Shot Blocked by Tom Preissing.
12:29 of 2nd period - Snap shot by Andy Hilbert.
12:29 of 2nd period - Shot Hit the Post.
12:31 of 2nd period - Wrist shot by Brandon Dubinsky.
12:31 of 2nd period - Stopped by Antti Niemi with a rebound.
13:21 of 2nd period - Ales Kotalik is hit by Alexander Perezhogin and loses puck.
14:06 of 2nd period - Slapshot by Jean-Pierre Dumont.
14:06 of 2nd period - Shot Blocked by Tom Preissing.
14:19 of 2nd period - Ryan Suter is hit by Andy Hilbert and loses puck.
14:24 of 2nd period - Snap shot by Taylor Hall.
14:24 of 2nd period - Shot Blocked by Brandon Dubinsky.
14:26 of 2nd period - Snap shot by Ryan Suter.
14:26 of 2nd period - Shot Misses the Net.
14:28 of 2nd period - Snap shot by Peter Prucha.
14:28 of 2nd period - Shot Misses the Net.
14:30 of 2nd period - Slapshot by Tom Preissing.
14:30 of 2nd period - Stopped by Ondrej Pavelec with a rebound.
15:37 of 2nd period - Vitaly Vishnevsky is hit by Alexei Ponikarovsky and loses puck.
15:53 of 2nd period - Icing by Bryan McCabe.
15:54 of 2nd period - Rickard Wallin wins face-off versus Daymond Langkow in Panthers zone.
16:19 of 2nd period - Snap shot by Scott Gomez.
16:19 of 2nd period - Deflect By Taylor Hall.
16:19 of 2nd period - Shot Misses the Net.
16:19 of 2nd period - Puck is out of play.
16:20 of 2nd period - Andrew Ebbett wins face-off versus Scott Gomez in Senateurs zone.
16:25 of 2nd period - Snap shot by Peter Prucha.
16:25 of 2nd period - Stopped by Ondrej Pavelec without a rebound.
16:26 of 2nd period - Scott Gomez wins face-off versus Andrew Ebbett in Senateurs zone.
16:35 of 2nd period - Snap shot by Andrew Ebbett.
16:35 of 2nd period - Stopped by Antti Niemi with a rebound.
16:37 of 2nd period - Slapshot by Carlo Colaiacovo.
16:37 of 2nd period - Deflect By B.J. Crombeen.
16:37 of 2nd period - Shot Blocked by Ryan Parent.
16:37 of 2nd period - Puck is out of play.
16:38 of 2nd period - Daymond Langkow wins face-off versus Scott Gomez in Panthers zone.
17:03 of 2nd period - B.J. Crombeen is hit by Ryan Bayda and loses puck.
17:10 of 2nd period - Snap shot by Mattias Weinhandl.
17:10 of 2nd period - Shot Misses the Net.
17:12 of 2nd period - Snap shot by Bryan McCabe.
17:12 of 2nd period - Shot Misses the Net.
17:14 of 2nd period - Snap shot by Ryan Bayda.
17:14 of 2nd period - Shot Misses the Net.
17:49 of 2nd period - Wrist shot by Andy Hilbert.
17:49 of 2nd period - Stopped by Antti Niemi without a rebound.
17:50 of 2nd period - Rickard Wallin wins face-off versus Daymond Langkow in Panthers zone.
19:21 of 2nd period - Snap shot by Mats Sundin.
19:21 of 2nd period - Shot Misses the Net.
19:23 of 2nd period - Wrist shot by Mats Sundin.
19:23 of 2nd period - Shot Misses the Net.
19:25 of 2nd period - Slapshot by Ryan Suter.
19:25 of 2nd period - Shot Misses the Net.
19:27 of 2nd period - Wrist shot by Peter Prucha.
19:27 of 2nd period - Stopped by Ondrej Pavelec without a rebound.
19:28 of 2nd period - Daymond Langkow wins face-off versus Mats Sundin in Senateurs zone.
19:35 of 2nd period - Taylor Hall is hit by Brenden Morrow and loses puck.
19:56 of 2nd period - Andrew Ebbett is hit by Alexei Ponikarovsky and loses puck.
Goals for this period are 0 for Panthers vs 2 for Senateurs.
Shots for this period are 7 for Panthers vs 10 for Senateurs.

3rd period


0:01 of 3rd period - Andrew Ebbett wins face-off versus Scott Gomez in neutral zone.
0:03 of 3rd period - Off-side.
0:04 of 3rd period - Scott Gomez wins face-off versus Andrew Ebbett in neutral zone.
0:09 of 3rd period - Slapshot by Scott Gomez.
0:09 of 3rd period - Shot Blocked by B.J. Crombeen.
1:02 of 3rd period - Snap shot by Rickard Wallin.
1:02 of 3rd period - Goal by Rickard Wallin - Panthers : 1 - Senateurs : 3.
1:03 of 3rd period - Daymond Langkow wins face-off versus Scott Gomez in neutral zone.
1:12 of 3rd period - Snap shot by Keith Aulie.
1:12 of 3rd period - Deflect By Alexander Perezhogin.
1:12 of 3rd period - Shot Misses the Net.
1:12 of 3rd period - Puck is out of play.
1:13 of 3rd period - Brenden Morrow wins face-off versus Scott Gomez in Senateurs zone.
1:23 of 3rd period - Icing by Keith Aulie.
1:24 of 3rd period - Scott Gomez wins face-off versus Andrew Ebbett in Panthers zone.
1:31 of 3rd period - Wrist shot by B.J. Crombeen.
1:31 of 3rd period - Stopped by Antti Niemi without a rebound.
1:32 of 3rd period - Andrew Ebbett wins face-off versus Scott Gomez in Panthers zone.
1:53 of 3rd period - Minor Penalty to Peter Prucha for Interference.
1:54 of 3rd period - Daymond Langkow wins face-off versus Taylor Hall in Panthers zone.
3:52 of 3rd period - Kurtis Foster is hit by Ryan Parent and loses puck.
3:53 of 3rd period - Penalty to Peter Prucha is over, Peter Prucha is back on ice.
4:54 of 3rd period - Jean-Pierre Dumont is hit by Jeff Tambellini and loses puck.
6:39 of 3rd period - Nick Schultz is hit by Brenden Morrow and loses puck.
6:55 of 3rd period - Icing by Vitaly Vishnevsky.
6:56 of 3rd period - Scott Gomez wins face-off versus Andrew Ebbett in Senateurs zone.
6:57 of 3rd period - Slapshot by Jeff Tambellini.
6:57 of 3rd period - Stopped by Ondrej Pavelec without a rebound.
6:58 of 3rd period - Andrew Ebbett wins face-off versus Scott Gomez in Senateurs zone.
7:16 of 3rd period - Snap shot by Scott Gomez.
7:16 of 3rd period - Stopped by Ondrej Pavelec with a rebound.
7:22 of 3rd period - Slapshot by Dan Girardi.
7:22 of 3rd period - Shot Misses the Net.
7:24 of 3rd period - Snap shot by Andrew Ebbett.
7:24 of 3rd period - Shot Hit the Post.
7:26 of 3rd period - Snap shot by Vladimir Mihalik.
7:26 of 3rd period - Shot Misses the Net.
7:28 of 3rd period - Snap shot by B.J. Crombeen.
7:28 of 3rd period - Shot Misses the Net.
7:58 of 3rd period - Wrist shot by Alexander Perezhogin.
7:58 of 3rd period - Shot Hit the Post.
8:05 of 3rd period - Minor Penalty to Tom Preissing for Delaying the game.
8:06 of 3rd period - Taylor Hall wins face-off versus Daymond Langkow in Panthers zone.
9:46 of 3rd period - Ryan Parent is hit by Ales Kotalik and loses puck.
10:05 of 3rd period - Penalty to Tom Preissing is over, Tom Preissing is back on ice.
10:20 of 3rd period - Snap shot by Scott Gomez.
10:20 of 3rd period - Shot Misses the Net.
10:24 of 3rd period - Wrist shot by Alexei Ponikarovsky.
10:24 of 3rd period - Stopped by Ondrej Pavelec with a rebound.
10:26 of 3rd period - Slapshot by Keith Aulie.
10:26 of 3rd period - Deflect By Scott Gomez.
10:26 of 3rd period - Shot Misses the Net.
10:26 of 3rd period - Puck is out of play.
10:27 of 3rd period - Scott Gomez wins face-off versus Olli Jokinen in Senateurs zone.
10:34 of 3rd period - Wrist shot by Scott Gomez.
10:34 of 3rd period - Shot Misses the Net.
11:27 of 3rd period - Snap shot by Scott Gomez.
11:27 of 3rd period - Stopped by Ondrej Pavelec with a rebound.
12:17 of 3rd period - Dan Girardi is hit by Alexander Perezhogin and loses puck.
12:28 of 3rd period - Backhand shot by Alexei Ponikarovsky.
12:28 of 3rd period - Shot Misses the Net.
12:30 of 3rd period - Slapshot by Bryan McCabe.
12:30 of 3rd period - Stopped by Ondrej Pavelec without a rebound.
12:31 of 3rd period - Rickard Wallin wins face-off versus Brandon Dubinsky in Senateurs zone.
12:40 of 3rd period - Snap shot by Andy Hilbert.
12:40 of 3rd period - Shot Blocked by Branko Radivojevic.
12:54 of 3rd period - Snap shot by Scott Gomez.
12:54 of 3rd period - Stopped by Ondrej Pavelec without a rebound.
12:55 of 3rd period - Scott Gomez wins face-off versus Daymond Langkow in Senateurs zone.
13:00 of 3rd period - Snap shot by Peter Prucha.
13:00 of 3rd period - Stopped by Ondrej Pavelec without a rebound.
13:01 of 3rd period - Scott Gomez wins face-off versus Daymond Langkow in Senateurs zone.
13:12 of 3rd period - Snap shot by Brenden Morrow.
13:12 of 3rd period - Deflect By Jean-Pierre Dumont.
13:12 of 3rd period - Shot Blocked by Ryan Suter.
13:12 of 3rd period - Puck is out of play.
13:13 of 3rd period - Scott Gomez wins face-off versus Daymond Langkow in Panthers zone.
13:38 of 3rd period - Mats Sundin is hit by Andrew Ebbett.
14:04 of 3rd period - Snap shot by Jeff Tambellini.
14:04 of 3rd period - Deflect By Alexander Perezhogin.
14:04 of 3rd period - Stopped by Ondrej Pavelec without a rebound.
14:05 of 3rd period - Scott Gomez wins face-off versus Daymond Langkow in Senateurs zone.
14:08 of 3rd period - Snap shot by Jeff Tambellini.
14:08 of 3rd period - Stopped by Ondrej Pavelec without a rebound.
14:09 of 3rd period - Scott Gomez wins face-off versus Brenden Morrow in Senateurs zone.
14:12 of 3rd period - Wrist shot by Peter Prucha.
14:12 of 3rd period - Stopped by Ondrej Pavelec without a rebound.
14:13 of 3rd period - Scott Gomez wins face-off versus Daymond Langkow in Senateurs zone.
16:44 of 3rd period - Backhand shot by Dan Hamhuis.
16:44 of 3rd period - Deflect By Mats Sundin.
16:44 of 3rd period - Stopped by Antti Niemi with a rebound.
16:46 of 3rd period - Snap shot by Daymond Langkow.
16:46 of 3rd period - Shot Blocked by Mats Sundin.
16:50 of 3rd period - Snap shot by Jean-Pierre Dumont.
16:50 of 3rd period - Goal by Jean-Pierre Dumont - Panthers : 1 - Senateurs : 4.
16:51 of 3rd period - Andrew Ebbett wins face-off versus Scott Gomez in neutral zone.
17:04 of 3rd period - Snap shot by Scott Gomez.
17:04 of 3rd period - Shot Misses the Net.
17:06 of 3rd period - Slapshot by Taylor Hall.
17:06 of 3rd period - Shot Blocked by Andrew Ebbett.
17:21 of 3rd period - Wrist shot by Branko Radivojevic.
17:21 of 3rd period - Shot Misses the Net.
17:23 of 3rd period - Snap shot by Alexei Ponikarovsky.
17:23 of 3rd period - Shot Blocked by Kurtis Foster.
17:25 of 3rd period - Snap shot by Rickard Wallin.
17:25 of 3rd period - Shot Misses the Net.
17:37 of 3rd period - Slapshot by Kurtis Foster.
17:37 of 3rd period - Stopped by Antti Niemi with a rebound.
17:53 of 3rd period - Minor Penalty to Vitaly Vishnevsky for Holding.
17:54 of 3rd period - Taylor Hall wins face-off versus Andy Hilbert in Senateurs zone.
17:57 of 3rd period - Snap shot by Scott Gomez.
17:57 of 3rd period - Shot Misses the Net.
18:30 of 3rd period - Darcy Hordichuk is hit by Peter Prucha and loses puck.
18:59 of 3rd period - Andy McDonald is hit by Alexander Perezhogin and loses puck.
19:09 of 3rd period - Icing by Ryan Suter.
19:10 of 3rd period - Rickard Wallin wins face-off versus Andrew Ebbett in Panthers zone.
19:53 of 3rd period - Penalty to Vitaly Vishnevsky is over, Vitaly Vishnevsky is back on ice.
Goals for this period are 1 for Panthers vs 1 for Senateurs.
Shots for this period are 11 for Panthers vs 4 for Senateurs.